 Dungeon Crawl Stone Soup version 0.27-a0-1189-gb8eb6cee8e (webtiles) character file.

Game seed: 11401590634163943212

2944 Glokmah the Conjurer (level 9, -7/69 HPs)
             Began as a Demonspawn Monk on May 23, 2021.
             Was a High Priest of Vehumet.
             Mangled by a hog (10 damage)
             ... in the Ecumenical Temple.
             The game lasted 00:21:19 (9591 turns).

Glokmah the Conjurer (Demonspawn Monk)              Turns: 9591, Time: 00:21:19

Health: -7/69      AC:  5    Str: 11    XL:     9   Next: 51%
Magic:  15/15      EV: 19    Int: 14    God:    Vehumet [*****.]
Gold:   265        SH:  0    Dex: 17    Spells: 6/17 levels left

rFire    . . .     SeeInvis .   a - +3 dagger
rCold    . . .     Faith    .   (no shield)
rNeg     . . .     Spirit   .   m - +1 robe
rPois    .         Reflect  .   k - +0 helmet
rElec    .         Harm     .   s - +0 cloak
rCorr    .         Rampage  .   (no gloves)
Will     .....                  (no boots)
Stlth    ++........             (no amulet)
HPRegen  0.21/turn              f - +4 ring of evasion
MPRegen  0.14/turn              (no ring)

@: mighty, brilliant, on berserk cooldown, hasted and slowed
A: talons 2, repulsion field 1, foul stench 1, powered by pain 3
a: Renounce Religion


You were in the Ecumenical Temple.
You worshipped Vehumet.
Vehumet was extremely pleased with you.
You visited 2 branches of the dungeon, and saw 8 of its levels.

You collected 265 gold pieces.

Inventory:

Hand Weapons
 a - a +3 dagger (weapon)
 t - a +2 quarterstaff of chaos
Missiles
 b - 9 poisoned darts (quivered)
Armour
 k - a +0 helmet (worn)
 m - a +1 robe (worn)
 s - a +0 cloak (worn)
Magical Staves
 d - a staff of earth
 r - a staff of fire
Jewellery
 f - a +4 ring of evasion (left hand)
 n - a ring of fire
Wands
 c - a wand of iceblast (6)
 j - a wand of charming (9)
 v - a wand of polymorph (5)
Scrolls
 p - 2 scrolls of teleportation
 u - a scroll of silence
Potions
 g - a potion of resistance
 h - 2 potions of haste
 o - a potion of might


   Skills:
 + Level 6.0 Fighting
 - Level 3.3 Long Blades
 - Level 2.6 Dodging
 - Level 1.7 Stealth
 + Level 4.5 Spellcasting
 * Level 7.0 Conjurations
 * Level 5.2 Ice Magic
 * Level 3.4 Air Magic
 - Level 3.0 Earth Magic


You had 6 spell levels left.
You knew the following spells:

 Your Spells              Type           Power      Damage    Failure   Level
a - Magic Dart            Conj           100%       1d8       1%          1
b - Frozen Ramparts       Ice            52%        1d7       1%          3
c - Stone Arrow           Conj/Erth      50%        3d10      1%          3
d - Airstrike             Air            9%         N/A       12%         4

Your spell library contained the following spells:

 Spells                   Type           Power      Damage    Failure   Level
 Freezing Cloud           Conj/Ice/Air   13%        6-21      58%         6
 Beastly Appendage        Tmut           8%         N/A       19%         1
 Wereblood                Tmut           4%         N/A       28%         2
 Spider Form              Tmut/Pois      2%         N/A       50%         3
 Ice Form                 Ice/Tmut       15%        N/A       52%         4
 Hydra Form               Tmut           2%         N/A       99%         5


Dungeon Overview and Level Annotations

Branches:
Dungeon (7/15)             Temple (1/1) D:7

Altars:
Ashenzari
Cheibriados
Elyvilon
Fedhas
Gozag
Hepliaklqana
Kikubaaqudgha
Makhleb
Nemelex Xobeh
Okawaru
Qazlal
Ru
Sif Muna
Trog
Uskayaw
Vehumet
Wu Jian
Xom
Yredelemnul
Zin
The Shining One

Annotations:
D:7 exclusion: ice statue


Innate Abilities, Weirdness & Mutations

You have razor-sharp toenails.
You are surrounded by a mild repulsion field. (EV +2)
You may rarely emit foul miasma when damaged in melee.
You are powered by pain.


Message History

* * * LOW HITPOINT WARNING * * *
You are too berserk!
You barely miss the hog. Your kick misses the hog.
The hog is lightly wounded.
You feel a strong urge to attack something.
You are no longer berserk.
You are exhausted.
You feel yourself slow down.
Okay, then.
It was a potion of ambrosia.
You are confused.
You feel invigorated. The hog misses you. The hog closely misses you.
The hog bites you.
* * * LOW HITPOINT WARNING * * *
The hog barely misses you.
You're too confused to cast spells.
You bump into the stone wall.
The hog closely misses you. The hog bites you but does no damage.
The hog bites you!
* * * LOW HITPOINT WARNING * * *
The hog closely misses you. The hog bites you.
* * * LOW HITPOINT WARNING * * *
The hog barely misses you.
You feel less invigorated.
You feel less confused. The hog barely misses you. The hog misses you.
The hog bites you.
* * * LOW HITPOINT WARNING * * *
The hog bites you but does no damage. The hog completely misses you.
The hog bites you.
* * * LOW HITPOINT WARNING * * *
The hog closely misses you. The hog closely misses you.
The hog completely misses you. The hog bites you.
* * * LOW HITPOINT WARNING * * *
The hog completely misses you.
Okay, then.
Okay, then.
You feel yourself speed up. The hog misses you. The hog bites you!
You die...

.........<...........≈≈≈
.....................#≈≈
....._......._.........≈≈
........._..............≈≈
._..............._.....#≈≈
.........................≈
.......##_##.............≈
.....#########..hh.......#
....## ##.@..._..... ...##
##.......... ...#
#.......... ..##
##......... ..##
##...._.... .._#
#_......... ..##
##......... .h##
##......... ...#
#....._....


You could see 2 hogs.

Vanquished Creatures
  A human (D:7)
  A hog (D:7)
  Eustachio (D:4)
  Menkaure (D:6)
  A steam dragon (D:6)
  Edmund (D:6)
  Duvessa (D:4)
  An orc warrior (D:6)
  A black bear (D:3)
  A necrophage (D:7)
  3 ogres
  2 centaurs
  A phantom (D:6)
  Blork the orc (D:4)
  A kobold brigand (D:6)
  A bullfrog (D:7)
  3 scorpions
  2 wyvern zombies (D:7)
  Dowan (D:4)
  2 howler monkeys
  2 centaur zombies
  A jelly (D:5)
  2 hounds
  2 orc priests
  Crazy Yiuf (D:6)
  2 bullfrog zombies
  A centaur skeleton (D:7)
  Ijyb (D:4)
  An orc wizard (D:4)
  A howler monkey skeleton (D:6)
  6 adders
  9 river rats (D:6)
  An ufetubus (D:4)
  2 adder skeletons (D:5)
  3 worms
  2 dart slugs
  29 orcs
  5 ball pythons
  8 endoplasms
  3 giant cockroaches
  3 goblins
  6 hobgoblins
  5 jackals
  10 kobolds
  6 quokkas
  7 bats
  4 frilled lizards
  19 rats
169 creatures vanquished.

Vanquished Creatures (others)
  An orc (D:6)
1 creature vanquished.

Grand Total: 170 creatures vanquished

Notes
Turn   | Place    | Note
-------+----------+-------------------------------------------
     0 | D:1      | Glokmah the Demonspawn Monk began the quest for the Orb.
     0 | D:1      | Reached XP level 1. HP: 18/18 MP: 1/1
   160 | D:1      | Gained mutation: You sometimes gain a little power by
                  | taking damage. [demonic ancestry]
   160 | D:1      | Reached XP level 2. HP: 20/24 MP: 2/2
   525 | D:1      | Found a faded altar of an unknown god.
   544 | D:1      | Became a worshipper of Vehumet
   544 | D:1      | Reached * piety under Vehumet
   544 | D:1      | Offered knowledge of Magic Dart by Vehumet.
   544 | D:1      | Reached ** piety under Vehumet
   547 | D:1      | Learned a level 1 spell: Magic Dart
   640 | D:1      | Offered knowledge of Static Discharge by Vehumet.
   814 | D:1      | Offered knowledge of Frozen Ramparts by Vehumet.
  1238 | D:2      | Gained mutation: You may rarely emit foul miasma when
                  | damaged in melee. [demonic ancestry]
  1238 | D:2      | Reached XP level 3. HP: 22/29 MP: 3/3
  1713 | D:2      | Reached *** piety under Vehumet
  1714 | D:2      | Reached skill level 1 in Conjurations
  1783 | D:2      | Reached skill level 1 in Spellcasting
  1783 | D:2      | Gained mutation: You are surrounded by a mild repulsion
                  | field. (EV +2) [demonic ancestry]
  1783 | D:2      | Reached XP level 4. HP: 15/36 MP: 2/5
  2131 | D:2      | Reached skill level 2 in Conjurations
  2217 | D:2      | Learned a level 3 spell: Frozen Ramparts
  2815 | D:3      | Offered knowledge of Stone Arrow by Vehumet.
  3519 | D:4      | Noticed a black bear
  3525 | D:4      | Noticed Eustachio
  3536 | D:3      | Killed a black bear
  3537 | D:3      | Reached skill level 3 in Conjurations
  3537 | D:3      | Reached skill level 1 in Ice Magic
  3537 | D:3      | Gained mutation: You have sharp toenails. [demonic
                  | ancestry]
  3537 | D:3      | Reached XP level 5. HP: 25/42 MP: 5/7
  3761 | D:4      | Noticed Ijyb
  3768 | D:4      | Killed Eustachio
  3769 | D:4      | Gained mutation: You sometimes gain power by taking damage.
                  | [demonic ancestry]
  3769 | D:4      | Reached XP level 6. HP: 25/48 MP: 7/9
  3772 | D:4      | Killed Ijyb
  4003 | D:4      | Learned a level 3 spell: Stone Arrow
  4240 | D:4      | Reached **** piety under Vehumet
  4241 | D:4      | Reached skill level 4 in Conjurations
  4393 | D:4      | Reached XP level 7. HP: 55/55 MP: 5/10
  4763 | D:4      | Noticed Blork the orc
  4770 | D:4      | Killed Blork the orc
  4770 | D:4      | Offered knowledge of Airstrike by Vehumet.
  5038 | D:4      | Noticed Duvessa
  5043 | D:4      | Killed Duvessa
  5044 | D:4      | Reached skill level 5 in Conjurations
  5226 | D:4      | Noticed Dowan
  5236 | D:4      | Killed Dowan
  5560 | D:5      | Entered Level 5 of the Dungeon
  5637 | D:5      | Reached skill level 5 in Fighting
  5637 | D:5      | Reached skill level 1 in Earth Magic
  5735 | D:5      | Gained mutation: You have razor-sharp toenails. [demonic
                  | ancestry]
  5735 | D:5      | Reached XP level 8. HP: 62/62 MP: 3/13
  5907 | D:5      | Learned a level 4 spell: Airstrike
  7387 | D:6      | Noticed Menkaure
  7478 | D:6      | Killed Menkaure
  7479 | D:6      | Reached skill level 6 in Conjurations
  7479 | D:6      | Reached skill level 1 in Air Magic
  7783 | D:6      | Noticed Edmund
  7808 | D:6      | Killed Edmund
  7843 | D:6      | Reached ***** piety under Vehumet
  7888 | D:6      | Offered knowledge of Freezing Cloud by Vehumet.
  7895 | D:6      | Gained mutation: You are powered by pain. [demonic
                  | ancestry]
  7895 | D:6      | Reached XP level 9. HP: 17/68 MP: 11/15
  8548 | D:6      | Found a runed translucent door.
  8549 | D:6      | Noticed Crazy Yiuf
  8554 | D:6      | Killed Crazy Yiuf
  8708 | D:7      | Found a staircase to the Ecumenical Temple.
  8860 | D:7      | Noticed an ice statue
  9035 | D:7      | Reached skill level 5 in Ice Magic
  9508 | D:7      | Reached skill level 7 in Conjurations
  9521 | Temple   | Entered the Ecumenical Temple
  9578 | Temple   | HP: 3/103 [hog (9)]
  9590 | Temple   | HP: 3/69 [hog (5)]
  9591 | Temple   | Mangled by a hog

Illustrated notes

Levels and vault maps discovered:
D:1:      mrwooster_arrival_statue, layout_basic, basic_ecumenical_altar
D:2:      layout_basic, minmay_tripent
D:3:      layout_basic, chequers_garden
D:4:      layout_loops_ring, uniq_duvessa, uniq_eustachio, uniq_blork_the_orc,
          uniq_ijyb
D:5:      layout_basic, serial_curves, eino_curves_01, eino_curves_03,
          hangedman_decor_clover_reticule
D:6:      lemuel_ratsnest, layout_rooms, uniq_crazy_yiuf_cottage, uniq_menkaure,
          uniq_edmund
D:7:      lemuel_ice_statue, layout_basic, minmay_temple_entry_stoned_glass,
          grunt_livestock
Temple:   nicolae_temple_the_god_donut

Skill      XL: |  1  2  3  4  5  6  7  8  9 |
---------------+----------------------------+-----
Long Blades    | 3 |  3.3
Conjurations   | 1 3 4 5 6 7 |  7.0
Spellcasting   | 1 2 3 4 |  4.5
Fighting       | 4 5 6 |  6.0
Ice Magic      | 1 2 3 4 5 |  5.2
Earth Magic    | 1 2 3 |  3.0
Air Magic      | 2 3 |  3.4
Dodging        | |  2.6
Stealth        | |  1.7

Action                   |  1- 3 |  4- 6 |  7- 9 || total
-------------------------+-------+-------+-------++-------
Melee: Falchion          |   100 |    85 |    39 ||   224
       Kick              |       |     9 |    39 ||    48
       Staff             |       |       |     6 ||     6
       Dagger            |       |       |    86 ||    86
 Cast: Magic Dart        |     3 |    35 |    63 ||   101
       Frozen Ramparts   |       |     8 |    18 ||    26
       Stone Arrow       |       |     1 |    65 ||    66
  Use: Scroll            |     1 |     3 |     2 ||     6
       Potion            |       |     1 |     7 ||     8
 Stab: Sleeping          |     5 |     5 |     2 ||    12
Armor: Robe              |    11 |     6 |    18 ||    35
Dodge: Dodged            |    65 |   103 |   156 ||   324
       Rpst.: Falchion   |    17 |    30 |    16 ||    63

Table legend: (Time is in decaauts)
 A = Elapsed time spent in this place.
 B = Non-inter-level travel time spent in this place.
 C = Inter-level travel time spent in this place.
 D = Time resting spent in this place.
 E = Time spent auto-exploring this place.
 F = Levels seen in this place.
 G = Mean time per level.
                   A        B        C        D        E       F      G
               +--------+--------+--------+--------+--------+-----+--------+
         Total |   9601 |   9264 |    337 |   1581 |   6084 |   8 | 1200.1 |
       Dungeon |   9547 |   9210 |    337 |   1581 |   6084 |   7 | 1363.9 |
        Temple |     54 |     54 |      0 |      0 |      0 |   1 |   54.0 |
               +--------+--------+--------+--------+--------+-----+--------+

Top non-repeatable levels by time:
     D:5: 1891 daAuts
     D:4: 1748 daAuts
     D:1: 1520 daAuts
     D:6: 1440 daAuts
     D:2: 1344 daAuts
     D:3: 981 daAuts
     D:7: 620 daAuts
  Temple: 54 daAuts
